 Dungeon Crawl Stone Soup version 0.22.1-5-g62c59d9 (webtiles) character file.

856 infcreate the Conjurer (level 7, -1/36 HPs)
             Began as a Deep Elf Conjurer on Jan 15, 2019.
             Was an Initiate of Vehumet.
             Slain by a centaur (6 damage)
             ... on level 5 of the Dungeon.
             The game lasted 00:24:09 (4253 turns).

infcreate the Conjurer (Deep Elf Conjurer)          Turns: 4253, Time: 00:24:10

Health: -1/36      AC:  4    Str:  5    XL:     7   Next: 70%
Magic:  25/29      EV: 13    Int: 22    God:    Vehumet [......]
Gold:   284        SH:  0    Dex: 15    Spells: 11/21 levels left

rFire    . . .     SeeInvis +   (no weapon)
rCold    . . .     Gourm    .   (no shield)
rNeg     . . .     Faith    .   a - +0 robe
rPois    .         Spirit   .   u - +0 hat
rElec    .         Reflect  .   (no cloak)
rCorr    .         Harm     .   f - +0 pair of gloves
MR       .....                  d - +0 pair of boots
Stlth    +++.......             (no amulet)
HPRegen  0.12/turn              x - ring of see invisible
MPRegen  0.21/turn              i - ring of magical power

@: no status effects
A: no striking features
a: Renounce Religion


You were on level 5 of the Dungeon.
You worshipped Vehumet.
Vehumet was noncommittal.
You were not hungry.

You visited 2 branches of the dungeon, and saw 6 of its levels.

You collected 284 gold pieces.

Inventory:

Armour
 a - a +0 robe (worn)
 d - a +0 pair of boots (worn)
 f - a +0 pair of gloves (worn)
 r - a +3 leather armour of fire resistance
 u - a +0 hat (worn)
Jewellery
 e - an uncursed ring of poison resistance
 i - a ring of magical power (right hand)
 m - an uncursed ring of resist corrosion
 n - an uncursed ring of positive energy
 v - an uncursed ring of stealth
 x - a ring of see invisible (left hand)
Wands
 q - a wand of flame (25)
Scrolls
 g - 2 scrolls of remove curse
 k - 4 scrolls of blinking {unknown}
 l - 5 scrolls of identify
 o - a scroll of teleportation
 p - a scroll of fog {unknown}
 t - a scroll of immolation {unknown}
Potions
 b - a potion of curing {unknown}
 h - 2 potions of heal wounds {unknown}
 j - a potion of resistance {unknown}
 w - a potion of might {unknown}
Comestibles
 c - 7 rations
 s - 2 chunks of flesh


   Skills:
 + Level 3.2 Dodging
 + Level 4.0 Stealth
 + Level 7.8 Spellcasting
 + Level 7.9 Conjurations
 - Level 0.2 Hexes


You had 11 spell levels left.
You knew the following spells:

 Your Spells              Type           Power        Failure   Level  Hunger
a - Magic Dart            Conj           ####         1%          1    None
b - Searing Ray           Conj           #####.       1%          2    None
c - Dazzling Spray        Conj/Hex       ####..       4%          3    None
d - Iskenderun's Mystic   Conj           #####...     3%          4    ###....

Your spell library contained the following spells:

 Spells                   Type           Power        Failure   Level  Hunger
 Shock                    Conj/Air       ####         1%          1    None
 Static Discharge         Conj/Air       ####....     4%          3    None
 Swiftness                Chrm/Air       #.......     12%         2    None
 Force Lance              Conj/Tloc      ####....     14%         4    ###....
 Fulminant Prism          Conj/Hex       ####......   14%         4    ###....
 Lightning Bolt           Conj/Air       ####......   38%         5    #####..
 Airstrike                Air            #.........   58%         4    ###....


Dungeon Overview and Level Annotations

Branches:
Dungeon (5/15)             Temple (1/1) D:4

Altars:
Cheibriados
Dithmenos
Gozag
Okawaru
Qazlal
Sif Muna
Vehumet
Xom


Message History

You close the door, pushing everything out of the way.
You start resting.
A centaur opens the door.
It is wielding a shortbow.
Casting: Magic Dart (safe; 1% risk of failure)
Confirm with . or Enter, or press ? or * to list all spells.
Aiming: Searing Ray (safe; 1% risk of failure)
Press: ? - help, Shift-Dir - straight line, f/p - centaur
Aim: a centaur, wielding a shortbow The searing ray hits the centaur.
The centaur is lightly wounded. (Press . to maintain the ray.)
The centaur shoots an arrow.
The arrow barely misses you.
The centaur shoots an arrow.
The arrow closely misses you.
The searing ray hits the centaur.
The centaur is moderately wounded.
The searing ray hits the centaur.
The centaur is almost dead.
The centaur unwields an uncursed shortbow.
The centaur hits you.
You die...

#.............c#
#..............#
#..............#
#..............#
#..............#
#......(.......#
#......##(.##...
#########c###
#.......@.#
#.........#
#....?....+
##.....#.(#
##########


You could see a centaur.

Vanquished Creatures
  3 ogres
  2 sky beasts (D:5)
  A howler monkey (D:4)
  A hound (D:3)
  3 orc wizards
  Ijyb (D:4)
  A worker ant (D:5)
  An iguana (D:5)
  6 gnolls
  2 adders
  3 oozes
  3 worms
  2 dart slugs
  4 leopard geckos
  12 orcs
  2 giant cockroaches
  2 goblins (D:2)
  6 hobgoblins
  6 jackals (D:4)
  2 quokkas
  2 ball pythons
  4 bats
  3 frilled lizards
  5 kobolds
  4 rats
81 creatures vanquished.

Notes
Turn   | Place    | Note
-------+----------+-------------------------------------------
     0 | D:1      | infcreate the Deep Elf Conjurer began the quest for the
                  | Orb.
     0 | D:1      | Reached XP level 1. HP: 10/10 MP: 6/6
   515 | D:1      | Reached XP level 2. HP: 15/15 MP: 0/8
   519 | D:1      | Learned a level 2 spell: Searing Ray
  1373 | D:2      | Reached skill level 5 in Conjurations
  1424 | D:1      | Reached XP level 3. HP: 19/19 MP: 1/9
  1721 | D:2      | Found a faded altar of an unknown god.
  1934 | D:2      | Reached XP level 4. HP: 16/24 MP: 11/11
  2020 | D:2      | Learned a level 3 spell: Dazzling Spray
  2025 | D:2      | Learned a level 4 spell: Iskenderun's Mystic Blast
  2655 | D:3      | Reached XP level 5. HP: 28/28 MP: 7/13
  2901 | D:4      | Noticed Ijyb
  2909 | D:4      | Killed Ijyb
  2970 | D:4      | Reached skill level 5 in Spellcasting
  3099 | D:4      | Reached XP level 6. HP: 32/32 MP: 16/16
  3401 | D:4      | Found a staircase to the Ecumenical Temple.
  3409 | Temple   | Entered the Ecumenical Temple
  3415 | Temple   | Became a worshipper of Vehumet
  3914 | D:5      | Entered Level 5 of the Dungeon
  3921 | D:5      | Reached XP level 7. HP: 36/36 MP: 19/19
  4253 | D:5      | Slain by a centaur

Skill      XL: |  1  2  3  4  5  6  7 |
---------------+----------------------+-----
Conjurations   | 5 6 7 |  7.9
Stealth        | 3 4 |  4.0
Spellcasting   | 4 5 6 7 |  7.8
Dodging        | 3 |  3.2
Hexes          | |  0.2

Action                   |  1- 3 |  4- 6 |  7- 9 || total
-------------------------+-------+-------+-------++-------
 Cast: Magic Dart        |    47 |    42 |    30 ||   119
       Searing Ray       |     4 |    12 |     6 ||    22
       Iskenderun's Myst |       |     5 |     1 ||     6
       Dazzling Spray    |       |     1 |     1 ||     2
  Use: Scroll            |     3 |     2 |       ||     5
  Eat: Chunk             |     3 |     7 |     1 ||    11
Armor: Robe              |     2 |     4 |     4 ||    10
Dodge: Dodged            |    10 |     8 |     6 ||    24
